Map: Beckett Industries LE

Players

Aimliloke

  • Race: Terran Terran
  • League: Diamond
  • Spawn Location: 1:00

Warthog - Winner!

  • Race: Terran Terran
  • League: Diamond
  • Spawn Location: 7:00

VOD

Have the link to the VOD?

Description

Time

  • Played on: Dec. 7, 2021, 6:48 p.m.
  • Length: 10:15
Show
View Real Time Build Order
Export as new Build Order

Aimliloke Terran 

Build Orders: Reaper Expand 

Get SALT Encoding   

  12  0:00  SCV  
  13  0:12  SCV  
  14  0:17  Supply Depot  
  14  0:24  SCV  
  15  0:38  SCV  
  15  0:40  Barracks  
  16  0:45  Refinery  
  16  0:50  SCV  
  17  1:03  SCV  
  18  1:15  SCV  
  19  1:28  Reaper, Orbital Command  
  20  1:41  Command Center  
  20  1:49  Supply Depot  
  20  1:53  SCV  
  21  1:59  Marine  
  22  2:05  SCV  
  23  2:13  Factory  
  23  2:18  SCV  
  23  2:20  Bunker  
  23  2:22  Barracks Reactor  
  24  2:30  SCV  
  24  2:40  Refinery  
  24  2:42  SCV  
  25  2:53  Orbital Command  
  25  2:54  SCV  
  25  2:58  Factory Tech Lab  
  26  3:00  Marine x2  
  27  3:06  SCV  
  26  3:18  Cyclone, SCV, Marine x2  
  32  3:25  SCV  
  30  3:35  Starport  
  30  3:36  SCV, Marine x2  
  32  3:49  SCV x2  
  34  3:56  Marine x2  
  34  3:57  Refinery  
  34  3:58  Siege Tank  
  34  4:01  SCV  
  40  4:03  SCV  
  41  4:11  Starport Tech Lab  
  41  4:13  SCV  
  41  4:14  Marine x2  
  44  4:18  SCV  
  45  4:26  SCV  
  45  4:29  Command Center  
  46  4:39  Supply Depot  
  46  4:44  Supply Depot  
  46  5:00  Banshee, Marine x2, Siege Tank  
  46  5:02  Supply Depot  
  46  5:05  SCV x2  
  56  5:11  Supply Depot  
  56  5:17  SCV x2  
  56  5:18  Marine x2  
  60  5:29  SCV x2  
  60  5:32  Barracks, Siege Tank  
  65  5:36  Barracks, Marine x2  
  68  5:43  Raven, Orbital Command  
  68  5:44  SCV x2  
  71  5:53  Marine x2  
  71  5:54  Refinery  
  71  5:56  SCV  
  74  5:59  SCV  
  75  6:04  Siege Tank  
  75  6:08  SCV  
  75  6:09  Supply Depot  
  75  6:11  SCV, Marine x2  
  80  6:12  Supply Depot  
  79  6:19  Barracks Reactor  
  79  6:22  Orbital Command  
  79  6:23  Barracks Reactor  
  79  6:28  SCV  
  79  6:29  Barracks, SCV  
  79  6:30  Factory  
  76  6:47  Siege Tank  
  75  6:59  SCV x3  
  78  7:06  Marine x2  
  78  7:08  Stimpack  
  80  7:09  Viking  
  80  7:11  SCV x2  
  84  7:19  SCV  
  84  7:22  Marine x3  
  88  7:23  SCV  
  88  7:24  Barracks Reactor, Marine  
  88  7:28  Siege Tank  
  93  7:32  Engineering Bay  
  93  7:34  Engineering Bay, SCV  
  93  7:35  SCV  
  95  7:40  Engineering Bay  
  95  7:43  Supply Depot  
  95  7:46  Marine x5  
  95  7:48  Factory Tech Lab  
  100  7:52  Barracks  
  100  7:53  SCV  
  100  7:54  Supply Depot, SCV  
  102  7:58  SCV  
  102  8:05  SCV  
  104  8:11  Terran Infantry Armor Level 1  
  104  8:12  Command Center  
  104  8:14  Marine x3  
  107  8:21  Marine  
  107  8:22  Marine  
  107  8:24  Missile Turret  
  107  8:25  SCV x2  
  107  8:26  Missile Turret  
  111  8:30  SCV  
  111  8:34  Marine x3  
  112  8:37  SCV x2  
  117  8:46  Viking x2  
  117  8:47  Siege Tank  
  124  8:48  SCV  
  124  8:52  Barracks Reactor  
  125  8:57  Starport  
  125  9:00  Refinery  
  125  9:01  Refinery  
  125  9:05  Supply Depot  
  125  9:08  SCV x3, Marine  
  125  9:09  Marine  
Show
View Real Time Build Order
Export as new Build Order

Warthog Terran - Winner!

Build Orders:  

Get SALT Encoding   

  12  0:00  SCV  
  13  0:12  SCV  
  14  0:19  Supply Depot  
  14  0:25  SCV  
  15  0:41  SCV  
  15  0:42  Barracks  
  16  0:47  Refinery  
  16  0:53  SCV  
  16  0:54  Refinery  
  17  1:05  SCV  
  18  1:17  SCV  
  19  1:31  Reaper, Orbital Command  
  20  1:47  Factory  
  20  1:52  Supply Depot  
  20  1:57  SCV  
  21  2:03  Reaper  
  22  2:09  SCV  
  23  2:21  SCV  
  24  2:33  SCV  
  24  2:34  Hellion  
  24  2:35  Command Center  
  27  2:43  Supply Depot  
  27  2:45  SCV  
  27  2:49  Reaper  
  29  2:55  Hellion  
  31  3:04  SCV  
  32  3:09  Starport  
  32  3:17  SCV  
  32  3:18  Factory Tech Lab  
  33  3:22  Barracks Reactor  
  32  3:30  SCV  
  33  3:46  Cyclone  
  33  3:47  Starport Reactor  
  36  3:48  Orbital Command  
  36  4:00  SCV  
  36  4:02  Command Center  
  37  4:10  Marine x2  
  37  4:13  SCV  
  37  4:14  SCV  
  41  4:23  Siege Tank  
  44  4:24  Viking  
  44  4:25  Viking, SCV  
  44  4:27  SCV  
  50  4:32  Supply Depot  
  50  4:37  SCV  
  51  4:41  Marine  
  51  4:42  Marine  
  51  4:44  SCV  
  54  4:47  Supply Depot  
  54  4:54  SCV, Viking  
  54  4:56  SCV, Siege Tank  
  61  5:07  SCV  
  61  5:12  Barracks x2, Marine x2  
  64  5:20  SCV x2  
  66  5:24  Orbital Command  
  66  5:35  Siege Tank  
  66  5:36  Viking x2  
  66  5:39  SCV  
  76  5:49  Supply Depot  
  76  5:54  Engineering Bay  
  76  5:55  Engineering Bay, SCV  
  76  5:56  SCV x2  
  77  5:57  Refinery  
  77  5:58  Refinery  
  77  6:02  Barracks Tech Lab x2  
  77  6:07  SCV  
  77  6:08  SCV  
  77  6:09  SCV  
  77  6:11  Marine x2  
  81  6:19  SCV  
  81  6:20  SCV  
  83  6:28  Missile Turret, Orbital Command  
  83  6:30  Missile Turret, Terran Infantry Armor Level 1, Terran Infantry Weapons Level 1  
  83  6:33  Supply Depot  
  83  6:34  Marine  
  83  6:35  Stimpack  
  83  6:36  Supply Depot  
  83  6:39  SCV x2  
  86  6:41  Combat Shield  
  86  6:42  Marine x3  
  89  6:52  Marine  
  88  6:54  Viking  
  88  6:58  Supply Depot  
  88  6:59  Supply Depot  
  88  7:00  Marine x2  
  90  7:04  SCV x2  
  90  7:06  SCV  
  90  7:07  Marine  
  94  7:16  SCV  
  94  7:17  SCV  
  94  7:18  SCV  
  94  7:19  Barracks  
  94  7:20  Armory  
  94  7:21  Barracks  
  97  7:28  SCV, Marine  
  97  7:29  SCV  
  100  7:30  SCV  
  100  7:32  Marine x3  
  100  7:33  Siege Tank  
  100  7:36  Supply Depot  
  107  7:39  Supply Depot  
  107  7:41  SCV x2  
  107  7:42  SCV  
  108  7:46  Marine  
  108  7:50  Marine x2  
  108  7:51  Marine  
  112  7:53  SCV  
  112  7:55  Refinery x2, SCV x2  
  112  7:56  Factory  
  115  8:05  SCV  
  116  8:07  SCV  
  116  8:08  SCV  
  118  8:15  Terran Vehicle Weapons Level 1  
  118  8:17  SCV  
  118  8:18  Supply Depot  
  118  8:19  SCV  
  120  8:20  Supply Depot  
  120  8:21  Marine  
  120  8:22  Marine  
  120  8:23  Barracks Reactor  
  120  8:24  Barracks Reactor  
  120  8:25  Marine x2  
  120  8:26  Medivac, Siege Tank  
  129  8:31  SCV  
  130  8:39  Marine x2  
  131  8:47  Marine x2  
  133  8:48  Factory Tech Lab  
  133  8:57  Marine x2  
  133  8:58  Siege Tank  
  133  9:01  Command Center  
  138  9:04  Marine  
  138  9:05  Marine  
  138  9:08  Marine x2  
  138  9:09  Marine x2  
  138  9:15  Marine  
  134  9:19  Marine  
  134  9:20  Medivac, Siege Tank  
  134  9:22  Marine  
  131  9:48  Marine x4  
Tags
 
Add a new tag
Caveats
  • Supply blocks, unpowered buildings, or Contaminate may cause inaccurate times.
  • Supply counts are checked every 10 seconds.